 Dungeon Crawl Stone Soup version 0.31-a0-925-g0a390f2509 (webtiles) character file.

Game seed: 7780150934797185227

41 DocEon the Covered (level 3, 0/32 HPs)
             Began as an Armataur Fighter on Oct 18, 2023.
             Slain by a hobgoblin (6 damage)
             ... led by Robin
             ... on level 2 of the Dungeon.
             The game lasted 00:00:53 (1039 turns).

DocEon the Covered (Armataur Fighter)               Turns: 1039, Time: 00:00:54

Health: 0/32       AC: 12    Str: 23    XL:     3   Next: 32%
Magic:  3/3        EV:  6    Int:  8    God:
Gold:   23         SH:  4    Dex:  9    Spells: 2/2 levels left

rFire   . . .        a - +0 long sword
rCold   . . .        c - +0 buckler
rNeg    . . .        m - +4 chain mail
rPois   .            (no helmet)
rElec   .            (no cloak)
rCorr   .            (no gloves)
SInv    .            (no barding)
Will    .....        (no amulet) Stlth
                     (no ring)
HPRegen 0.25/turn    (no ring)
MPRegen 0.08/turn

%: roll
@: no status effects
A: large, rugged brown scales 3, deformed body, armoured tail, roll, long
tongue, awkward tongue
a: no special abilities


You were on level 2 of the Dungeon.
You visited 1 branch of the dungeon, and saw 2 of its levels.

You collected 23 gold pieces.

Inventory:

Hand Weapons
 a - a +0 long sword (weapon)
Armour
 c - a +0 buckler (worn)
 m - a +4 chain mail (worn)
Potions
 d - a potion of might
 g - a potion of magic {unknown}
 i - 2 potions of curing
 j - 2 potions of lignification {unknown}
 l - a potion of berserk rage {unknown}


   Skills:
 - Level 2.6 Fighting
 + Level 3.4 Long Blades
 - Level 3.6 Armour
 - Level 3.2 Shields


You had 2 spell levels left.
You didn't know any spells.
Your spell library was empty.

Dungeon Overview and Level Annotations

Branches:
Dungeon (2/15)

Altars:

Annotations:
D:2 Robin


Innate Abilities, Weirdness & Mutations

You are completely covered in rugged brown scales. (AC +3, +7% HP)
Armour fits poorly on your strangely shaped body.
You have a long armoured tail.
You roll when moving toward enemies. (Rampage)
Your long tongue fully drains potion bottles. (2x potion effects)
Your tongue gives you trouble enunciating. (1.5x scroll delay)


Message History

Found a stone staircase leading down.
A ball python comes into view.
The goblin shouts!
The hobgoblin shouts! x2; The ball python hisses angrily.
The endoplasm quivers.
You hear a shout!
A goblin comes into view. It is wielding a +0 dagger.
There are monsters nearby!
You closely miss the goblin. You tail-slap the goblin.
You kill the goblin!
The goblin closely misses you.
There are monsters nearby!
You closely miss the goblin. The hobgoblin hits you.
The goblin hits you with a +0 club. You block the hobgoblin's attack.
There are monsters nearby!
You closely miss the goblin. You block the hobgoblin's attack.
The goblin hits you but does no damage.
Robin roars a battlecry!
The goblins go into a battle-frenzy!
The hobgoblin hits you.
The goblin unwields a +0 sling.
The goblin wields a +0 club.
You block the goblin's attack. The goblin hits you with a +0 club.
The goblin attacks as it pursues you! The goblin closely misses you.
Robin says, "We wiped out the hill dwarves - you're next!"
Robin throws the goblin at you!
There is a stone staircase leading down here.
You slash the goblin!
You kill the goblin!
The hobgoblin hits you. The hobgoblin barely misses you.
The goblin hits you with a +0 club.
The endoplasm hits you but does no damage.
The goblin barely misses you. Robin throws the goblin at you!
The hobgoblin hits you but does no damage.
The goblin hits you but does no damage. The hobgoblin hits you.
The goblin hits you but does no damage. The goblin hits you with a +0 club.
The endoplasm freezes you.
You are frozen.
* * * LOW HITPOINT WARNING * * *
The hobgoblin hits you but does no damage.
The goblin hits you but does no damage. The hobgoblin hits you.
You die...

##..## .....
...... .....
...#..####....
............# .
............###..
.................
###...)Sg.......
#>.$..rggg...#...
..##.ggg@J.......
......gg#)#####.
.########.# .
#..# ... #♣.♣♣..#
♣..PP♣ ♣.♣P♣♣
♣P...P♣ ♣.P...♣


You could see Robin, an endoplasm, a quokka, 4 hobgoblins, 4 goblins and a ball
python.

Vanquished Creatures
  2 dart slugs (D:1)
  6 bats (D:1)
  2 endoplasms (D:1)
  3 giant cockroaches (D:1)
  4 goblins
  3 hobgoblins (D:1)
  A jackal (D:1)
  3 kobolds (D:1)
  A quokka (D:1)
  2 ball pythons (D:1)
  3 frilled lizards (D:1)
  4 rats (D:1)
34 creatures vanquished.

Notes
Turn   | Place    | Note
-------+----------+-------------------------------------------
     0 | D:1      | DocEon the Armataur Fighter began the quest for the Orb.
     0 | D:1      | Reached XP level 1. HP: 19/19 MP: 1/1
    79 | D:1      | Found a faded altar of an unknown god.
   145 | D:1      | Reached XP level 2. HP: 25/26 MP: 2/2
   633 | D:1      | Reached XP level 3. HP: 32/32 MP: 3/3
  1032 | D:2      | Noticed Robin
  1039 | D:2      | Slain by a hobgoblin

Illustrated notes

Levels and vault maps discovered:
D:1:      dpeg_arrival_brainrot, layout_basic,
          shapermc_ecumenical_altar_mp_vishouse, st_stairs_14
D:2:      layout_rooms, serial_shops, shop, shop, serial_forest,
          infiniplex_forest_end_2, infiniplex_forest_corner_1,
          infiniplex_forest_lined_4_way, infiniplex_forest_lined_1,
          infiniplex_forest_end_2, infiniplex_forest_end_2,
          infiniplex_forest_end_2, uniq_terence, uniq_robin

Skill      XL: |  1  2 |
---------------+-------+-----
Long Blades    | 2 3 |  3.4
Fighting       | |  2.6
Armour         | |  3.6
Shields        | |  3.2

Action                     || total
---------------------------++-------
  Melee: Long sword        ||    86
         Tailslap          ||    10
    Use: Scroll            ||     4
 Armour: Scale mail        ||    77
         Chain mail        ||    18
  Dodge: Dodged            ||    36
  Block: Buckler           ||    24

Table legend: (Time is in decaauts)
 A = Elapsed time spent in this place.
 B = Non-inter-level travel time spent in this place.
 C = Inter-level travel time spent in this place.
 D = Time resting spent in this place.
 E = Time spent auto-exploring this place.
 F = Levels seen in this place.
 G = Mean time per level.
                   A        B        C        D        E       F      G
               +--------+--------+--------+--------+--------+-----+--------+
         Total |   1065 |   1021 |     44 |    100 |    711 |   2 |  532.5 |
       Dungeon |   1065 |   1021 |     44 |    100 |    711 |   2 |  532.5 |
               +--------+--------+--------+--------+--------+-----+--------+

Top non-repeatable levels by time:
     D:1: 1048 daAuts
     D:2: 16 daAuts
